 Dungeon Crawl Stone Soup version 0.29.0-11-gd7f09526c8 (webtiles) character file.

Game seed: 12370089807755827597

115 rlgrobin the Ruffian (level 4, -7/35 HPs)
             Began as a Draconian Transmuter on Sept 5, 2022.
             Mangled by a black bear (8 damage)
             ... created by the rage of Trog
             ... on level 2 of the Dungeon.
             The game lasted 00:08:25 (1940 turns).

rlgrobin the Ruffian (Draconian Transmuter)         Turns: 1940, Time: 00:08:27

Health: -7/35      AC:  5    Str: 14    XL:     4   Next: 68%
Magic:  7/7        EV: 12    Int: 13    God:
Gold:   58         SH:  0    Dex: 12    Spells: 3/7 levels left

rFire   . . .      SeeInvis .     - Unarmed
rCold   . . .      Faith    .   (no shield)
rNeg    . . .      Spirit   .   (body armour unavailable)
rPois   .          Reflect  .   (helmet restricted)
rElec   .          Harm     .   (no cloak)
rCorr   .          Rampage  .   (no gloves)
Will    .....                   (no boots)
Stlth   +.........              (no amulet)
HPRegen 0.11/turn               (no ring)
MPRegen 0.10/turn               (no ring)

@: about to teleport
A: AC +5, unfitting armour, cold-blooded
a: no special abilities


You were on level 2 of the Dungeon.
You visited 1 branch of the dungeon, and saw 2 of its levels.

You collected 58 gold pieces.

Inventory:

Hand Weapons
 b - a +2 sling of flaming
Missiles
 i - a throwing net
Magical Staves
 e - a staff of cold
Scrolls
 f - a scroll of immolation {unknown}
 g - a scroll of noise {unknown}
 j - a scroll of enchant armour {unknown}
Potions
 a - a potion of lignification
 c - 2 potions of haste {unknown}
 h - a potion of curing {unknown}


   Skills:
 + Level 1.4 Fighting
 + Level 2.0 Dodging
 + Level 0.4 Stealth
 * Level 4.9 Unarmed Combat
 - Level 2.3 Spellcasting
 - Level 2.1 Transmutations


You had 3 spell levels left.
You knew the following spells:

 Your Spells              Type           Power      Damage    Failure   Level
a - Beastly Appendage     Tmut           14%        N/A       11%         1
b - Spider Form           Tmut/Pois      4%         N/A       43%         3

Your spell library contained the following spells:

 Spells                   Type           Power      Damage    Failure   Level
 Wereblood                Tmut           7%         N/A       16%         2
 Ozocubu's Armour         Ice            1%         N/A       58%         3
 Ice Form                 Ice/Tmut       4%         N/A       85%         4
 Ozocubu's Refrigeration  Ice            0%         4d7       100%        7


Dungeon Overview and Level Annotations

Branches:
Dungeon (2/15)

Altars:
Trog


Innate Abilities, Weirdness & Mutations

Your plain brown scales are hard. (AC +5)
You cannot fit into any form of body armour.
You are cold-blooded and may be slowed by cold attacks.


Message History

The gnoll is moderately wounded.
The gnoll misses you.
You hit the gnoll. You tail-slap the gnoll.
The gnoll is severely wounded.
Your horns disappear.
Your talons disappear.
The gnoll barely misses you.
You punch the gnoll!
You kill the gnoll!
Items here: ))) ††.
A bat comes into view.
Casting: Beastly Appendage (safe; 11% risk of failure)
Press: ? - help, Q - select action, (/) - cycle Dir - look around, f - activate You grow a pair of large bovine horns.
Your feet morph into talons.
The bat hits you but does no damage.
You miss the bat. You claw the bat.
Your tail-slap misses the bat.
The bat is moderately wounded.
The bat hits you but does no damage.
You closely miss the bat. Your headbutt misses the bat. You tail-slap the bat.
You kill the bat!
You aren't carrying any wearable armour.
Your transformation is almost over.
Your horns disappear.
Your talons disappear.
Found a stone staircase leading down.
You now have 50 gold pieces (gained 8).
You now have 58 gold pieces (gained 8).
Trog sends monsters to punish you. 2 polar bears and 3 black bears come into view.
As you read the scroll labelled NITICLIRRE, it crumbles to dust.
You feel strangely unstable.
It was a scroll of teleportation.
The black bear rages.
The black bear bites you! The black bear claws you. x2
The polar bear bites you. The polar bear claws you. x2
* * * LOW HITPOINT WARNING * * *
The black bear bites you!
* * * LOW HITPOINT WARNING * * *
The black bear claws you but does no damage.
The black bear misses you. The polar bear barely misses you.
The polar bear misses you. The polar bear barely misses you.
The black bear bites you!
You die...

### #.. #### #.#
...##########.######
†................>.#
...#######..........
#.## #..........# #.#
#.##......@# #.#
#........hh########
#.#
#..#......hh.......
#.#
#..##....h.######.#
#.#####............
#..........<...#..##
#..####..##.##.#..####
#..# #..##.#..#.....
#..# #..).........#


You could see 2 polar bears and 3 black bears.

Vanquished Creatures
  5 gnolls
  3 adders (D:2)
  A worm (D:2)
  A dart slug (D:1)
  A ball python (D:1)
  2 bats (D:2)
  5 endoplasms
  4 giant cockroaches (D:1)
  2 goblins (D:1)
  A hobgoblin (D:1)
  3 kobolds
  A quokka (D:1)
  2 frilled lizards (D:1)
  6 rats
37 creatures vanquished.

Notes
Turn   | Place    | Note
-------+----------+-------------------------------------------
     0 | D:1      | rlgrobin the Draconian Transmuter began the quest for the
                  | Orb.
     0 | D:1      | Reached XP level 1. HP: 16/16 MP: 3/3
   351 | D:1      | Reached XP level 2. HP: 23/23 MP: 3/5
   644 | D:1      | Reached XP level 3. HP: 28/28 MP: 4/6
   971 | D:1      | Learned a level 3 spell: Spider Form
  1071 | D:1      | Found a faded altar of an unknown god.
  1075 | D:1      | Prayed at the altar of an unknown god.
  1075 | D:1      | Became a worshipper of Trog the Wrathful
  1075 | D:1      | Reached * piety under Trog
  1247 | D:1      | Fell from the grace of Trog
  1278 | D:2      | Reached skill level 4 in Unarmed Combat
  1771 | D:2      | Reached XP level 4. HP: 29/35 MP: 7/7
  1938 | D:2      | Noticed a polar bear
  1938 | D:2      | Noticed a black bear
  1938 | D:2      | Noticed a black bear
  1938 | D:2      | Noticed a polar bear
  1938 | D:2      | Noticed a black bear
  1940 | D:2      | HP: 1/35 [black bear[the rage of Trog] (9)]
  1940 | D:2      | Mangled by a black bear

Illustrated notes

Levels and vault maps discovered:
D:1:      dpeg_chamrin_arrival_tetris, layout_basic,
          shapermc_ecumenical_altar_hornbeckon, nrook_mini_backslash
D:2:      layout_loops_ring

Skill      XL: |  1  2  3  4 |
---------------+-------------+-----
Unarmed Combat | 4 |  4.9
Dodging        | 2 |  2.0
Fighting       | |  1.4
Stealth        | |  0.4
Spellcasting   | |  2.3
Transmutations | |  2.1

Action                   |  1- 3 |  4- 6 || total
-------------------------+-------+-------++-------
Melee: Unarmed           |    81 |    13 ||    94
       Kick              |    17 |     4 ||    21
       Tailslap          |    16 |     2 ||    18
       Headbutt          |     5 |     1 ||     6
       Punch             |     3 |       ||     3
 Cast: Beastly Appendage |    20 |     2 ||    22
Invok: Renounce Religion |     1 |       ||     1
  Use: Scroll            |       |     1 ||     1
Armor: Skin              |    20 |     3 ||    23
Dodge: Dodged            |    41 |    12 ||    53
